 Dungeon Crawl Stone Soup version 0.29-a0-88-g03a7b78be7 (webtiles) character file.

Game seed: 909902526359058418

103 AttackBeaver the Ruffian (level 4, 29/36 HPs)
             Began as a Draconian Transmuter on Feb 4, 2022.
             Was a Believer of Sif Muna.
             Quit the game on level 2 of the Dungeon on Feb 5, 2022.
             The game lasted 00:33:57 (1338 turns).

AttackBeaver the Ruffian (Draconian Transmuter)     Turns: 1338, Time: 00:33:58

Health: 29/36      AC:  5    Str: 15    XL:     4   Next: 51%
Magic:  7/7        EV: 12    Int: 13    God:    Sif Muna [**....]
Gold:   25         SH:  0    Dex: 11    Spells: 1/7 levels left

rFire   . . .      SeeInvis .     - Unarmed
rCold   . . .      Faith    +   (no shield)
rNeg    . . .      Spirit   .   (armour unavailable)
rPois   .          Reflect  .   (helmet restricted)
rElec   .          Harm     .   (no cloak)
rCorr   .          Rampage  .   (no gloves)
Will    .....                   (no boots)
Stlth   +.........              o - amulet of faith
HPRegen 0.12/turn               (no ring)
MPRegen 0.10/turn               (no ring)

@: no status effects
A: AC +5, unfitting armour, cold-blooded
a: Renounce Religion, Channel Magic


You were on level 2 of the Dungeon.
You worshipped Sif Muna.
Sif Muna was pleased with you.
You visited 1 branch of the dungeon, and saw 2 of its levels.

You collected 25 gold pieces.

Inventory:

Hand Weapons
 c - a +0 hunting sling
 g - a +0 dagger
 h - a +0 dagger
 t - a +0 whip
Missiles
 l - 20 arrows
 r - 59 stones
Armour
 a - a +0 robe
 w - a +0 leather armour
Magical Staves
 d - a staff of death
Jewellery
 o - an amulet of faith (around neck)
Scrolls
 b - a scroll of vulnerability {unknown}
 e - a scroll of teleportation {unknown}
 f - a scroll of holy word {unknown}
 j - a scroll of identify {unknown}
 n - a scroll of fear
 s - a scroll of enchant weapon {unknown}
 u - a scroll of amnesia {unknown}
 v - a scroll of enchant armour {unknown}
Potions
 i - a potion of cancellation {unknown}
 k - a potion of attraction {unknown}
 m - a potion of brilliance {unknown}
 p - a potion of haste {unknown}
 q - a potion of magic {unknown}


   Skills:
 * Level 2.1 Fighting
 + Level 0.8 Short Blades
 + Level 2.2 Dodging
 + Level 0.1 Stealth
 + Level 3.8 Unarmed Combat
 + Level 2.2 Spellcasting
 * Level 2.9 Transmutations


You had one spell level left.
You knew the following spells:

 Your Spells              Type           Power      Damage    Failure   Level
a - Beastly Appendage     Tmut           18%        N/A       8%          1
b - Wereblood             Tmut           9%         N/A       11%         2
c - Spider Form           Tmut/Pois      5%         N/A       38%         3

Your spell library contained the following spells:

 Spells                   Type           Power      Damage    Failure   Level
 Ice Form                 Ice/Tmut       5%         N/A       80%         4


Dungeon Overview and Level Annotations

Branches:
Dungeon (2/15)

Altars:
Sif Muna


Innate Abilities, Weirdness & Mutations

Your plain brown scales are hard. (AC +5)
You cannot fit into any form of body armour.
You are cold-blooded and may be slowed by cold attacks.


Message History

You hit the adder.
You feel a bit better.
You kill the adder!
Sif Muna accepts your kill.
You see here an adder corpse.
Your primal bloodlust is almost over.
A kobold comes into view. It is wielding a +0 short sword.
A quokka comes into view.
You see here an adder corpse.
Your primal bloodlust has ended.
You hit the quokka.
You tail-slap the quokka, but do no damage.
The quokka is severely wounded.
The quokka bites you but does no damage.
You hit the quokka.
You kill the quokka!
Sif Muna accepts your kill.
You see here an adder corpse.
The kobold hits you with a +0 short sword.
You hit the kobold.
The kobold is moderately wounded.
The kobold hits you but does no damage.
You closely miss the kobold.
The kobold is moderately wounded.
The kobold barely misses you.
You hit the kobold.
You kill the kobold!
Sif Muna accepts your kill.
You see here a +0 short sword.
Found a scroll labelled NYBLEO RIUDEYW.
You see here a +0 leather armour.
v - a scroll labelled NYBLEO RIUDEYW
There are no items here.
You see here a +0 leather armour.
w - a +0 leather armour You can't wear that!
Okay, then.
You can't wear that!
Unknown command.
Unknown command.
Are you sure you want to abandon this character and quit the game? (Confirm with "yes".)

..# ####..
# ..... .#
.... ###.##
..#.##....#
#.#....#
##.##.#@##
#..##....#
#.)...##.#
#.#.### ...
#######
#†#... .###
#......
##.##### ##
#......
#..#
#......
#.##
#......
###.####
#......


There were no monsters in sight!

Vanquished Creatures
  5 adders (D:2)
  A worm (D:2)
  5 ball pythons
  8 bats
  3 endoplasms
  A giant cockroach (D:1)
  5 goblins
  5 jackals
  3 quokkas (D:2)
  9 frilled lizards
  5 kobolds
  7 rats
57 creatures vanquished.

Vanquished Creatures (others)
  4 plants (D:1)
4 creatures vanquished.

Grand Total: 61 creatures vanquished

Notes
Turn   | Place    | Note
-------+----------+-------------------------------------------
     0 | D:1      | AttackBeaver the Draconian Transmuter began the quest for
                  | the Orb.
     0 | D:1      | Reached XP level 1. HP: 16/16 MP: 3/3
   138 | D:1      | Reached XP level 2. HP: 11/23 MP: 3/5
   451 | D:1      | Found a faded altar of an unknown god.
   474 | D:1      | Prayed at the altar of an unknown god.
   474 | D:1      | Became a worshipper of Sif Muna the Loreminder
   474 | D:1      | Reached * piety under Sif Muna
   521 | D:1      | Learned a level 2 spell: Wereblood
   672 | D:1      | Upgraded the game from 0.29-a0-82-g837932c90e to
                  | 0.29-a0-88-g03a7b78be7
   905 | D:1      | Reached XP level 3. HP: 26/29 MP: 6/6
  1119 | D:2      | Reached ** piety under Sif Muna
  1220 | D:2      | Reached XP level 4. HP: 30/36 MP: 5/7
  1244 | D:2      | Learned a level 3 spell: Spider Form
  1338 | D:2      | Quit the game

Illustrated notes

Levels and vault maps discovered:
D:1:      sevenhm_arrival_forest_fort_small_4, layout_loops_ring,
          dilly_ecumenical_altar_fadedgnrine
D:2:      layout_rooms, basic_altar, minmay_hexomino_p4

Skill      XL: |  1  2  3  4 |
---------------+-------------+-----
Dodging        | 2 |  2.2
Fighting       | 2 |  2.1
Short Blades   | |  0.8
Stealth        | |  0.1
Unarmed Combat | |  3.8
Spellcasting   | |  2.2
Transmutations | |  2.9

Action                   |  1- 3 |  4- 6 || total
-------------------------+-------+-------++-------
Melee: Unarmed           |    82 |    42 ||   124
       Tailslap          |    23 |     7 ||    30
       Kick              |     3 |       ||     3
       Headbutt          |     4 |       ||     4
       Dagger            |    81 |       ||    81
       Punch             |     5 |     1 ||     6
 Fire: Hunting sling     |     3 |       ||     3
 Cast: Beastly Appendage |     7 |       ||     7
       Wereblood         |     6 |     1 ||     7
  Use: Scroll            |     1 |       ||     1
Armor: Skin              |    51 |    12 ||    63
Dodge: Dodged            |   106 |    19 ||   125

Table legend: (Time is in decaauts)
 A = Elapsed time spent in this place.
 B = Non-inter-level travel time spent in this place.
 C = Inter-level travel time spent in this place.
 D = Time resting spent in this place.
 E = Time spent auto-exploring this place.
 F = Levels seen in this place.
 G = Mean time per level.
                   A        B        C        D        E       F      G
               +--------+--------+--------+--------+--------+-----+--------+
         Total |   1334 |   1334 |      0 |    120 |     10 |   2 |  667.0 |
       Dungeon |   1334 |   1334 |      0 |    120 |     10 |   2 |  667.0 |
               +--------+--------+--------+--------+--------+-----+--------+

Top non-repeatable levels by time:
     D:1: 1036 daAuts
     D:2: 298 daAuts
